 Dungeon Crawl Stone Soup version 0.28.0-1-gb440e238dd (webtiles) character file.

Game seed: 7262543694348048519

11109 graymark the Fighter (level 11, -5/90 HPs)
             Began as a Demonspawn Gladiator on Feb 21, 2022.
             Was a Priest of Qazlal.
             Slain by an orc warrior (15 damage)
             ... while paralysed by an orc sorcerer
             ... on level 1 of the Orcish Mines.
             The game lasted 00:40:14 (10202 turns).

graymark the Fighter (Demonspawn Gladiator)        Turns: 10202, Time: 00:40:15

Health: -5/90      AC: 18    Str: 19    XL:     11   Next: 45%
Magic:  17/17      EV:  2    Int:  9    God:    Qazlal [***...]
Gold:   578        SH:  0    Dex: 15    Spells: 10/10 levels left

rFire   + . .      SeeInvis +   a - +3 war axe (drain)
rCold   + . .      Faith    .   z - +0 kite shield
rNeg    . . .      Spirit   .   c - +0 troll leather armour
rPois   .          Reflect  .   l - +1 helmet {SInv}
rElec   .          Harm     .   L - +2 cloak
rCorr   +          Rampage  .   P - +2 pair of gloves
Will    .....                   k - +0 pair of boots
Stlth   +.........              D - amulet of regeneration
HPRegen 1.85/turn               G - ring of resist corrosion
MPRegen 0.15/turn               E - ring of protection from fire

@: paralysed
A: icy blue scales 3, powered by pain 2, demonic magic 2, weakness stinger 1
a: Renounce Religion, Upheaval, Elemental Force


You were on level 1 of the Orcish Mines.
You worshipped Qazlal.
Qazlal was most pleased with you.
You visited 3 branches of the dungeon, and saw 13 of its levels.
You also visited: Ossuary.

You collected 578 gold pieces.

Inventory:

Hand Weapons
 a - a +3 war axe of draining (weapon)
 p - a +2 vorpal flail
 s - a +3 short sword
 C - a +2 short sword of speed
 H - a +0 war axe
 N - a +4 battleaxe
Missiles
 d - 5 throwing nets (quivered)
Armour
 b - a +0 leather armour
 c - a +0 troll leather armour (worn)
 f - a +0 ring mail
 k - a +0 pair of boots (worn)
 l - a +1 helmet of see invisible (worn)
 z - a +0 kite shield (worn)
 I - a +2 chain mail of cold resistance
 L - a +2 cloak (worn)
 P - a +2 pair of gloves (worn)
Jewellery
 n - a ring of magical power
 D - an amulet of regeneration (around neck)
 E - a ring of protection from fire (right hand)
 G - a ring of resist corrosion (left hand)
Wands
 B - a wand of flame (5)
 Q - a wand of iceblast (7)
 R - a wand of polymorph (4)
 S - a wand of acid (5)
 U - a wand of mindburst (5)
Scrolls
 e - a scroll of magic mapping
 g - a scroll of fog {unknown}
 i - a scroll of brand weapon
 o - a scroll of amnesia
 r - a scroll of immolation
 x - a scroll of fear
 y - a scroll of holy word {unknown}
 A - 2 scrolls of vulnerability {unknown}
 F - 4 scrolls of teleportation
 K - a scroll of blinking {unknown}
 O - a scroll of silence {unknown}
 T - a scroll of noise {unknown}
Potions
 h - a potion of berserk rage
 j - 2 potions of haste
 m - a potion of ambrosia
 q - 4 potions of lignification
 t - 4 potions of brilliance
 u - a potion of invisibility {unknown}
 v - 2 potions of cancellation {unknown}
 w - 2 potions of curing
 J - a potion of resistance {unknown}
 M - 2 potions of heal wounds {unknown}
 V - a potion of attraction {unknown}


   Skills:
 + Level 10.0 Fighting
 - Level 8.4 Axes
 - Level 1.7 Throwing
 + Level 3.8 Armour
 - Level 7.3 Dodging
 + Level 6.5 Shields
 + Level 8.1 Invocations


You had 10 spell levels left.
You didn't know any spells.
Your spell library contained the following spells:

 Spells                   Type           Power      Damage    Failure   Level
 Ensorcelled Hibernation  Hex/Ice        0%         N/A       88%         2
 Passwall                 Tmut/Erth      0%         N/A       88%         2
 Swiftness                Air            0%         N/A       98%         3
 Dispersal                Tloc           0%         N/A       100%        6
 Disjunction              Tloc           0%         N/A       100%        8


Dungeon Overview and Level Annotations

Branches:
Dungeon (11/15)            Temple (1/1) D:7            Lair (0/6) D:11
    Orc (1/2) D:11        Ossuary (visited)

Altars:
Ashenzari
Cheibriados
Dithmenos
Elyvilon
Fedhas
Gozag
Hepliaklqana
Kikubaaqudgha
Makhleb
Nemelex Xobeh
Okawaru
Qazlal
Ru
Sif Muna
Trog
Uskayaw
Vehumet
Wu Jian
Xom
Yredelemnul
Zin
The Shining One
Beogh

Annotations:
D:3 exclusion: statue
D:7 2 transporters, altcumming's ghost, novice MiFi


Innate Abilities, Weirdness & Mutations

You are completely covered in icy blue scales. (AC +4, rC+)
You sometimes gain power by taking damage.
Spells you cast may paralyse nearby enemies.
You have a small tail.


Message History

No target in view!
You climb downwards.
Welcome back to the Orcish Mines!
The sixfirhy closely misses you. You block the sixfirhy's attack.
The sixfirhy hits you but does no damage.
The sixfirhy closely misses you. The sixfirhy hits you!
The sixfirhy shocks you!
An orc comes into view. It is wielding a +0 falchion.
The orc sorcerer points at you and mumbles some strange words.
You suddenly lose the ability to move!
The orc warrior hits you but does no damage.
You hear a shout!
The sixfirhy hits you. The sixfirhy shocks you!
The sixfirhy hits you but does no damage.
The sixfirhy hits you. The sixfirhy shocks you!
The orc warrior hits you with a +2 flail of holy wrath!
You convulse!
An orc comes into view. It is wielding a +0 falchion.
The orc sorcerer casts a spell at you. You resist with significant effort.
The orc warrior hits you with a +2 flail of holy wrath!
* * * LOW HITPOINT WARNING * * *
You convulse.
* * * LOW HITPOINT WARNING * * *
You hear a shout!
The sixfirhy is engulfed in freezing vapours. x5
An orc comes into view. It is wielding a +0 hand axe.
The sixfirhy is engulfed in freezing vapours.
The orc warrior completely misses you.
You hear a shout!
The sixfirhy is engulfed in freezing vapours. x2
The sixfirhy completely misses you.
The sixfirhy is engulfed in freezing vapours.
The sixfirhy hits you!
* * * LOW HITPOINT WARNING * * *
The sixfirhy shocks you!
* * * LOW HITPOINT WARNING * * *
The sixfirhy is engulfed in freezing vapours.
The sixfirhy hits you but does no damage.
The orc warrior hits you with a +2 flail of holy wrath!
You die...

#### .^.#
...## #
##....##
#.##......##
#...3o......
#..§@☼......
#..)o.......
#.......##...
.......o^## .
........##
......o..
......o##
..#....


You could see a sixfirhy (summoned), an orc sorcerer, an orc warrior and 3 orcs.

Vanquished Creatures
  A hydra (D:11)
  A centaur warrior (D:11)
  An orc knight (D:10)
  A gargoyle (D:10)
  A komodo dragon (D:11)
  3 unseen horrors
  A polar bear (D:9)
  A troll (D:10)
  2 wyverns (D:8)
  8 yaks
  A vampire (D:10)
  A steam dragon (D:8)
  An acid dragon (D:9)
  2 water moccasins
  9 orc warriors
  A sky beast (D:7)
  4 black bears
  A hornet zombie (D:6)
  5 ice beasts
  2 ogres
  3 necrophages
  5 centaurs
  A phantom (D:5)
  3 bullfrogs
  A scorpion (D:5)
  A wyvern zombie (D:6)
  5 water moccasin zombies (Ossuary)
  A wyvern skeleton (D:7)
  4 wights (D:9)
  5 electric eels (D:9)
  4 howler monkeys
  3 hounds
  4 centaur zombies
  A jelly (D:5)
  A gnoll shaman (D:7)
  4 orc priests
  3 bullfrog skeletons
  Ijyb (D:4)
  2 centaur skeletons
  3 iguanas
  8 orc wizards
  A centaur simulacrum (D:9)
  A hound zombie (D:5)
  A hound skeleton (D:5)
  2 mummies (Ossuary)
  2 howler monkey zombies
  Robin (D:4)
  10 gnolls
  7 adders
  3 white imps
  3 ufetubi
  2 adder zombies (Ossuary)
  6 dart slugs
  56 orcs
  6 endoplasms
  4 giant cockroaches
  4 gnoll zombies (Ossuary)
  19 goblins
  11 hobgoblins
  3 quokkas
  A ball python (D:3)
  10 bats
  2 frilled lizards (D:2)
  4 hobgoblin zombies (Ossuary)
  9 kobolds
  4 kobold zombies (Ossuary)
  3 orc zombies (Ossuary)
  6 rats
291 creatures vanquished.

Vanquished Creatures (others)
  An orc wizard (D:9)
  20 fungi
  6 plants
27 creatures vanquished.

Grand Total: 318 creatures vanquished

Notes
Turn   | Place    | Note
-------+----------+-------------------------------------------
     0 | D:1      | graymark the Demonspawn Gladiator began the quest for the
                  | Orb.
     0 | D:1      | Reached XP level 1. HP: 16/16 MP: 1/1
   253 | D:1      | Gained mutation: Spells you cast may paralyse adjacent
                  | enemies. [demonic ancestry]
   253 | D:1      | Reached XP level 2. HP: 22/22 MP: 2/2
   742 | D:1      | Reached XP level 3. HP: 26/28 MP: 3/3
  1589 | D:3      | Noticed a necrophage
  1597 | D:3      | Killed a necrophage
  1598 | D:3      | Reached skill level 3 in Fighting
  1598 | D:3      | Gained mutation: You are partially covered in icy blue
                  | scales. (AC +2) [demonic ancestry]
  1598 | D:3      | Reached XP level 4. HP: 24/35 MP: 4/4
  1772 | D:3      | Found a basalt altar of Yredelemnul.
  1843 | D:3      | Found a shimmering blue altar of Sif Muna.
  1926 | D:3      | Gained mutation: You are mostly covered in icy blue scales.
                  | (AC +3) [demonic ancestry]
  1926 | D:3      | Reached XP level 5. HP: 41/41 MP: 5/5
  2561 | D:3      | Found a radiant altar of Vehumet.
  2561 | D:3      | Noticed a charred statue
  2586 | D:3      | Found a blossoming altar of Fedhas.
  2682 | D:4      | Noticed Ijyb
  2720 | D:4      | Found a sand-covered staircase.
  2729 | Ossuary  | Entered an ossuary
  2784 | Ossuary  | Reached skill level 4 in Fighting
  2784 | Ossuary  | Gained mutation: You have a small tail. [demonic ancestry]
  2784 | Ossuary  | Reached XP level 6. HP: 35/48 MP: 6/6
  3052 | Ossuary  | Gained mutation: You sometimes gain a little power by
                  | taking damage. [demonic ancestry]
  3052 | Ossuary  | Reached XP level 7. HP: 49/55 MP: 7/7
  3520 | D:4      | Reached skill level 5 in Fighting
  3520 | D:4      | Reached skill level 5 in Axes
  3550 | D:4      | Reached skill level 5 in Dodging
  3836 | D:4      | Noticed Robin
  3843 | D:4      | Killed Robin
  4094 | D:4      | Killed Ijyb
  4420 | D:5      | Entered Level 5 of the Dungeon
  4561 | D:5      | Gained mutation: Spells you cast may paralyse nearby
                  | enemies. [demonic ancestry]
  4561 | D:5      | Reached XP level 8. HP: 61/64 MP: 8/8
  4721 | D:5      | Reached skill level 6 in Fighting
  5153 | D:5      | Found a snail-covered altar of Cheibriados.
  5153 | D:5      | Found a shadowy altar of Dithmenos.
  5153 | D:5      | Found an ornate altar of the Wu Jian Council.
  5524 | D:6      | Reached skill level 1 in Shields
  5615 | D:6      | Reached skill level 7 in Fighting
  5679 | D:6      | Reached XP level 9. HP: 45/72 MP: 9/9
  5945 | D:6      | Found a broken altar of Ashenzari.
  6161 | D:7      | Found a staircase to the Ecumenical Temple.
  6174 | Temple   | Entered the Ecumenical Temple
  6304 | Temple   | Became a worshipper of Qazlal Stormbringer
  6321 | D:7      | Found a transporter.
  6339 | D:7      | Found a bloodstained altar of Trog.
  6339 | D:7      | Noticed altcumming's ghost (novice MiFi)
  6339 | D:7      | Noticed a two-headed ogre
  6346 | D:7      | Found a transporter.
  6350 | D:7      | Noticed a moth of wrath
  6476 | D:7      | Reached skill level 1 in Invocations
  6891 | D:8      | Reached skill level 8 in Fighting
  7165 | D:8      | Found a burning altar of Makhleb.
  7165 | D:8      | Noticed an Executioner
  7168 | D:8      | Noticed an orange demon
  7403 | D:8      | Gained mutation: You sometimes gain power by taking damage.
                  | [demonic ancestry]
  7403 | D:8      | Reached XP level 10. HP: 60/80 MP: 12/12
  7565 | D:9      | Reached * piety under Qazlal
  8036 | D:9      | Reached skill level 5 in Invocations
  8210 | D:9      | Found a bloodstained altar of Trog.
  8410 | D:10     | Entered Level 10 of the Dungeon
  8447 | D:10     | Reached skill level 9 in Fighting
  8447 | D:10     | Reached skill level 5 in Shields
  8587 | D:10     | Noticed a gargoyle
  8601 | D:10     | Killed a gargoyle
  8667 | D:10     | Reached skill level 1 in Armour
  9255 | D:11     | Noticed a centaur warrior
  9349 | D:11     | Noticed an orc knight
  9351 | D:11     | Found a staircase to the Orcish Mines.
  9359 | D:11     | Reached ** piety under Qazlal
  9383 | D:10     | Killed an orc knight
  9384 | D:10     | Gained mutation: You are completely covered in icy blue
                  | scales. (AC +4, rC+) [demonic ancestry]
  9384 | D:10     | Reached XP level 11. HP: 79/89 MP: 16/16
  9654 | D:11     | Noticed a six-headed hydra
  9662 | D:11     | Killed a six-headed hydra
  9773 | D:11     | Found a staircase to the Lair.
  9937 | D:11     | Killed a centaur warrior
  9938 | D:11     | Reached skill level 10 in Fighting
 10170 | Orc:1    | Entered Level 1 of the Orcish Mines
 10177 | Orc:1    | Reached *** piety under Qazlal
 10177 | Orc:1    | Noticed an orc sorcerer
 10180 | Orc:1    | Noticed a sixfirhy
 10198 | Orc:1    | Paralysed by an orc sorcerer for 6 turns
 10202 | Orc:1    | Slain by an orc warrior

Illustrated notes

Levels and vault maps discovered:
D:1:      scummos_arrival_simple_crosswalls, layout_basic
D:2:      layout_loops_ring
D:3:      layout_rooms, fedhas_altar_2, mainiacjoe_overflow_large_starburst,
          vehumet_statue, minmay_increasing_density
D:4:      layout_gridville, enter_ossuary_3, guppyfry_early_lair_pool,
          uniq_robin, uniq_ijyb
D:5:      layout_loops_ring, gammafunk_temple_overflow_claw, grunt_ministairs_1
D:6:      layout_rooms, kennysheep_mini_moat
D:7:      layout_basic, minmay_temple_entry_grid,
          gammafunk_ghost_wrathful_warriors
D:8:      layout_basic, makhleb_altar_promises_db
D:9:      layout_cross, good_gods_temple_1, mainiacjoe_overflow_cross_hatched,
          serial_ice, serial_ice_o, serial_ice_j, serial_ice_h, serial_ice_a,
          hangedman_abyss_or_decor_stabs, minmay_fountain_box
D:10:     layout_long_grid, minmay_misc_feat_iff, fungi_pond_lemuel
D:11:     layout_basic, grunt_lair_entry_orc_guard_hut, david_orc_5
Temple:   nicolae_temple_figure_zero
Orc:1:    layout_diamond_mine, uniq_gastronok, uniq_erica

Skill      XL: |  1  2  3  4  5  6  7  8  9 10 11 |
---------------+----------------------------------+-----
Axes           | 3 4 5 6 7 8 |  8.4
Dodging        | 3 4 5 6 7 |  7.3
Fighting       | 3 4 5 7 8 9 10 | 10.0
Shields        | 1 3 5 6 |  6.5
Invocations    | 3 6 8 |  8.1
Armour         | 2 3 |  3.8
Throwing       | |  1.7

Action                   |  1- 3 |  4- 6 |  7- 9 | 10-12 || total
-------------------------+-------+-------+-------+-------++-------
Melee: War axe           |    91 |   188 |   400 |   299 ||   978
       Punch             |       |     5 |     6 |       ||    11
       Tailslap          |       |     6 |    69 |    44 ||   119
       Flail             |       |       |       |     5 ||     5
       Unarmed           |       |       |       |     2 ||     2
Throw: Throwing net      |       |       |       |     1 ||     1
Invok: Upheaval          |       |       |       |     1 ||     1
Evoke: Wand              |       |       |       |    11 ||    11
  Use: Scroll            |       |       |     9 |     8 ||    17
       Potion            |       |       |     3 |     3 ||     6
 Stab: Sleeping          |     1 |     2 |     1 |       ||     4
Armor: Leather armour    |    21 |    68 |   166 |   113 ||   368
       Troll leather arm |       |       |       |    53 ||    53
Dodge: Dodged            |    62 |   141 |   323 |   239 ||   765
Block: Kite shield       |       |       |    92 |   256 ||   348
       Other             |       |       |       |     1 ||     1
